 Dungeon Crawl Stone Soup version 0.32-a0-834-geaf45d8e21 (webtiles) character file.

Game seed: 17705715521682491815

36 GloriousHammer the Firebug (level 3, -2/19 HPs)
             Began as a Tengu Fire Elementalist on Mar 26, 2024.
             Killed from afar by Ijyb (21 damage)
             ... with a bolt of acid
             ... on level 2 of the Dungeon.
             The game lasted 00:01:56 (1616 turns).

GloriousHammer the Firebug (TeFE)                   Turns: 1616, Time: 00:01:57

Health: -2/19      AC:  2    Str:  8    XL:     3   Next: 37%
Magic:  4/7        EV: 11    Int: 17    God:
Gold:   107        SH:  0    Dex: 14    Spells: 4/7 levels left

rFire   . . .        g - +0 short sword
rCold   . . .        (no shield)
rNeg    . . .        a - +0 robe
rPois   .            (helmet restricted)
rElec   .            (no cloak)
rCorr   .            (no gloves)
SInv    .            (boots unavailable)
Will    .....        (no amulet)
Stlth   ++           (no ring)
HPRegen 0.23/turn    (no ring)
MPRegen 0.10/turn

%: acrobat
@: no status effects
A: beak, talons 3, acrobatic
a: no special abilities


You were on level 2 of the Dungeon.
You visited 1 branch of the dungeon, and saw 2 of its levels.

You collected 107 gold pieces.

Inventory:

Hand Weapons
 g - a +0 short sword (weapon)
Missiles
 c - 4 poisoned darts
Armour
 a - a +0 robe (worn)
Talismans
 d - a maw talisman
Scrolls
 h - a scroll of blinking {unknown}
 j - a scroll of acquirement {unknown}
 k - a scroll of vulnerability {unknown}
Potions
 b - a potion of magic
 e - 2 potions of degeneration {unknown}
 f - a potion of enlightenment {unknown}
 i - a potion of curing {unknown}
 l - a potion of cancellation {unknown}
 m - a potion of heal wounds {unknown}
 n - a potion of resistance {unknown}


   Skills:
 - Level 2.1 Dodging
 - Level 2.0 Stealth
 + Level 2.5 Spellcasting
 + Level 2.6 Conjurations
 + Level 3.8 Fire Magic


You had 4 spell levels left.
You knew the following spells:

 Your Spells              Type           Power      Damage    Failure   Level
a - Foxfire               Conj/Fire      52%        2x1d6     4%          1
b - Scorch                Fire           30%        2d6       5%          2

Your spell library contained the following spells:

 Spells                   Type           Power      Damage    Failure   Level
 Inner Flame              Hex/Fire       8%         N/A       26%         3
 Volatile Blastmotes      Fire/Tloc      16%        2d11      26%         3
 Flame Wave               Conj/Fire      13%        2d6       43%         4
 Summon Blazeheart Golem  Fire/Summ      8%         N/A       63%         4
 Orb of Destruction       Conj           5%         9d5       100%        7
 Spellforged Servitor     Conj/Summ      3%         N/A       100%        7


Dungeon Overview and Level Annotations

Branches:
Dungeon (2/15)

Altars:

Annotations:
D:2 Ijyb


Innate Abilities, Weirdness & Mutations

You have a beak for a mouth.
You have claws for feet.
You can magically evade attacks while moving or waiting.


Message History

You see here a rat corpse.
n - a metallic red potion You see here a rat corpse.
A ribbon worm comes into view.
A ribbon worm is nearby!
Casting: Scorch (safe; 6% risk of failure)
Confirm with . or Enter, or press ? or * to list all spells.
Flames lash the ribbon worm.
The ribbon worm is moderately wounded.
The ribbon worm's fire resistance burns away.
Casting: Scorch (safe; 6% risk of failure)
Confirm with . or Enter, or press ? or * to list all spells.
Flames lash the ribbon worm.
The ribbon worm is burned terribly!
The ribbon worm is severely wounded.
The ribbon worm expels a string of sticky webbing.
The stream of webbing hits you but does no damage.
You are caught in a web!
Casting: Scorch (safe; 6% risk of failure)
Confirm with . or Enter, or press ? or * to list all spells.
Flames lash the ribbon worm.
The ribbon worm is burned terribly!
You kill the ribbon worm!
Casting: Scorch (safe; 6% risk of failure)
Confirm with . or Enter, or press ? or * to list all spells.
You don't have enough magic to cast this spell.
The web tears apart.
You now have 107 gold pieces (gained 6).
Found a stone staircase leading down. 2 goblins come into view.
There are monsters nearby!
There are monsters nearby! 2 goblins come into view.
The goblin shouts! x4; You hear a shout!
A goblin comes into view. It is wielding a +0 club.
A goblin comes into view. It is wielding a +0 dagger.
Ijyb the Inquisitive comes into view.
She is wielding a +0 club and carrying a wand of acid.
Casting: Scorch (safe; 6% risk of failure)
Confirm with . or Enter, or press ? or * to list all spells.
You conjure some foxfire!
The foxfire hits the goblin.
You kill the goblin!
The foxfire hits the goblin.
The goblin is moderately wounded.
Casting: Foxfire (safe; 4% risk of failure)
Confirm with . or Enter, or press ? or * to list all spells.
You conjure some foxfire!
The foxfire hits the goblin.
The goblin is severely wounded.
The foxfire hits the goblin.
You kill the goblin!
Casting: Foxfire (safe; 4% risk of failure)
Confirm with . or Enter, or press ? or * to list all spells.
You conjure some foxfire!
The foxfire hits the goblin.
The goblin is heavily wounded.
The foxfire hits the goblin.
You kill the goblin!
Casting: Foxfire (safe; 4% risk of failure)
Confirm with . or Enter, or press ? or * to list all spells.
Flames lash the goblin.
You kill the goblin!
Casting: Scorch (safe; 6% risk of failure)
Confirm with . or Enter, or press ? or * to list all spells.
Flames lash the goblin.
You kill the goblin!
Casting: Scorch (safe; 6% risk of failure)
Confirm with . or Enter, or press ? or * to list all spells.
You conjure some foxfire!
The foxfire hits the goblin.
The goblin is moderately wounded.
The foxfire hits the goblin.
You kill the goblin!
You start resting.
Magic restored.
Things that are here:
a +0 dagger; a goblin corpse You see here a +0 club.
You see here a +0 dagger.
Items here: ))) †.
Ijyb screams, "You look like good test subject!"
Items here: ))) †.
You see here a +0 dagger.
Ijyb screams, "It's all mine!"
You see here a +0 club.
Ijyb zaps a wand.
The bolt of acid misses you.
Things that are here:
a +0 dagger; a goblin corpse
Casting: Foxfire (safe; 4% risk of failure)
Confirm with . or Enter, or press ? or * to list all spells.
You conjure some foxfire!
The foxfire hits Ijyb but does no damage. x2
Casting: Foxfire (safe; 4% risk of failure)
Confirm with . or Enter, or press ? or * to list all spells.
You conjure some foxfire!
Casting: Foxfire (safe; 4% risk of failure)
Confirm with . or Enter, or press ? or * to list all spells.
You conjure some foxfire!
Ijyb zaps a wand.
The bolt of acid hits your foxfire! The bolt of acid hits you!!
Ouch! That really hurt!
You die...
Ijyb moans, "Good help so hard to find!"

#.# #.........##.## #######.###
#.........##.##
..........##########.........##
..........#.......##......#####
..........#.......##......# #
.......>..........##.###### #
#######..##........#.# ######
##..#..v§§...#.#####.....
##...gv§§@§...÷...........
#..###v§§§v..##...###..... #)##
#.......##.#.# ###### #)#
#.......##.#.# ##)#
##########.#.. #..### #.##..
#.gß.# #.# #.. #......... ..#
### #.........


You could see Ijyb (ally target).

Vanquished Creatures
  An adder (D:2)
  A ribbon worm (D:2)
  3 ball pythons
  2 bats (D:1)
  A hobgoblin (D:1)
  3 kobolds
  A quokka (D:1)
  4 frilled lizards (D:1)
  6 goblins (D:2)
  3 rats
25 creatures vanquished.

Vanquished Creatures (others)
  52 foxfires
52 creatures vanquished.

Grand Total: 77 creatures vanquished

Notes
Turn   | Place    | Note
-------+----------+-------------------------------------------
     0 | D:1      | GloriousHammer the Tengu Fire Elementalist began the quest
                  | for the Orb.
     0 | D:1      | Reached XP level 1. HP: 10/10 MP: 4/4
   420 | D:1      | Reached XP level 2. HP: 15/15 MP: 0/6
   887 | D:1      | Learned a level 2 spell: Scorch
  1231 | D:2      | Reached XP level 3. HP: 19/19 MP: 2/7
  1499 | D:2      | Noticed Ijyb
  1616 | D:2      | Killed from afar by Ijyb

Illustrated notes

Levels and vault maps discovered:
D:1:      dpeg_arrival_central, layout_loops_ring
D:2:      kennysheep_the_goblin_king, layout_basic,
          hellmonk_ecumenical_altar_heavens_door

Skill      XL: |  1  2 |
---------------+-------+-----
Conjurations   | 2 |  2.6
Dodging        | |  2.1
Stealth        | |  2.0
Spellcasting   | |  2.5
Fire Magic     | |  3.8

Action                     || total
---------------------------++-------
  Melee: Short sword       ||     6
         Kick              ||     2
   Cast: Foxfire           ||    40
         Scorch            ||    10
 Armour: Robe              ||     6
  Dodge: Dodged            ||    11

Table legend: (Time is in decaauts)
 A = Elapsed time spent in this place.
 B = Non-inter-level travel time spent in this place.
 C = Inter-level travel time spent in this place.
 D = Time resting spent in this place.
 E = Time spent auto-exploring this place.
 F = Levels seen in this place.
 G = Mean time per level.
                   A        B        C        D        E       F      G
               +--------+--------+--------+--------+--------+-----+--------+
         Total |   1615 |   1575 |     40 |    165 |   1166 |   2 |  807.5 |
       Dungeon |   1615 |   1575 |     40 |    165 |   1166 |   2 |  807.5 |
               +--------+--------+--------+--------+--------+-----+--------+

Top non-repeatable levels by time:
     D:1: 1156 daAuts
     D:2: 458 daAuts
